 Dungeon Crawl Stone Soup version 0.16-a0-3518-gebcadde (webtiles) character file.

213686 RobertPalmer the Imperceptible (level 19, -8/140 HPs)
             Began as a Formicid Artificer on Dec 31, 2014.
             Was the Champion of Zin.
             Killed from afar by a greater naga (50 damage)
             ... with a poison arrow
             ... on level 3 of the Snake Pit on Jan 6, 2015.
             The game lasted 02:25:08 (43634 turns).

RobertPalmer the Imperceptible (FoAr)              Turns: 43634, Time: 02:25:08

Health: -8/140     AC: 19    Str: 18    XL:     19   Next: 69%
Magic:  35/35      EV: 22    Int: 12    God:    Zin [******]
Gold:   2296       SH: 17    Dex: 21    Spells: 0 memorised, 18 levels left

rFire  + . .     SeeInvis +     a - +9 dagger (elec)
rCold  . . .     Clarity  .     u - +5 mottled dragon armour
rNeg   . . .     SustAb   .     c - +5 shield "Iphaju" {rElec rF+}
rPois  .         Gourm    .     (helmet unavailable)
rElec  +         Spirit   .     M - +0 cloak
rCorr  .         Warding  .     F - +0 pair of gloves
rMut   .         Stasis   +     A - +1 pair of boots
MR     +....                    r - amulet of regeneration
Stlth  +++++++++.               i - ring of invisibility
                                J - +4 ring of dexterity

@: lethally poisoned, very slightly contaminated, somewhat resistant to hostile
enchantments, incredibly stealthy
A: permanent stasis, dig shafts and tunnels, four strong arms, antennae 3
a: Dig, Shaft Self, Recite, Vitalisation, Imprison, Sanctuary, Cure All
Mutations, Renounce Religion, Evoke Invisibility
}: 1/15 runes: barnacled


You were on level 3 of the Snake Pit.
You worshipped Zin.
Zin was exalted by your worship.
You were not hungry.

You visited 6 branches of the dungeon, and saw 33 of its levels.
You also visited: Bailey and Ice Cave.

You collected 2802 gold pieces.
You spent 270 gold pieces at shops.
You donated 236 gold pieces to Zin.


Innate Abilities, Weirdness & Mutations

You are under a permanent stasis effect.
You can dig through walls and to a lower floor.
Your four strong arms can wield two-handed weapons with a shield.
You have a pair of large antennae on your head (SInv).


   Skills:
 + Level 9.6 Fighting
 - Level 10.2 Short Blades
 - Level 11.3 Armour
 - Level 11.6 Dodging
 - Level 23.9 Stealth
 - Level 9.4 Shields
 - Level 14.1 Invocations
 - Level 12.5 Evocations


You had 18 spell levels left.
You didn't know any spells.

Inventory:

Hand weapons
 a - a +9 dagger of electrocution (weapon)
 b - a +3 blowgun
Missiles
 w - 20 curare-tipped needles
 Q - 10 throwing nets (quivered)
Armour
 c - the +5 shield "Iphaju" (worn) {rElec rF+}
   (You acquired it on level 12 of the Dungeon)

   It protects you from fire.
   It insulates you from electricity.
 u - a +5 mottled dragon armour (worn)
 A - a +1 pair of boots (worn)
 F - a +0 pair of gloves (worn)
 M - a +0 cloak (worn)
Jewellery
 i - a ring of invisibility (right hand)
 n - an uncursed amulet of the gourmand
 p - an uncursed ring of stealth
 r - an amulet of regeneration (around neck)
 I - an uncursed ring of protection from cold
 J - a +4 ring of dexterity (left hand)
 L - an uncursed ring of wizardry
 N - an uncursed ring of poison resistance
 P - an uncursed ring of protection from fire
Magical devices
 g - a wand of confusion (12)
 y - a wand of slowing (9)
 K - a wand of paralysis (14)
 Y - a wand of disintegration (3)
Scrolls
 e - a scroll of magic mapping
 k - a scroll of fear
 o - 6 scrolls of remove curse
 q - 2 scrolls of fog
 x - 4 scrolls of identify
 B - a scroll of enchant armour
 C - a scroll of vulnerability {!r}
 D - a scroll of immolation {!r}
 T - 4 scrolls of holy word
 V - 5 scrolls of recharging
Potions
 d - 2 potions of agility
 j - 3 potions of resistance
 l - 7 potions of curing
 m - 4 potions of cancellation
 s - 5 potions of restore abilities
 v - 3 potions of might
 z - 2 potions of magic
 G - 5 potions of invisibility
 S - 3 potions of brilliance
 X - a potion of cure mutation
Miscellaneous
 h - a sack of spiders {used: 10}
 R - a lamp of fire (inert)
Comestibles
 f - 15 bread rations
 E - 8 meat rations
 H - 13 fruits

Dungeon Overview and Level Annotations

Branches:
Dungeon (15/15) Temple (1/1) D:7 Lair (8/8) D:8 Shoals (5/5) Lair:3 Snake (3/5) Lair:4 Spider (0/5) Lair:5 Slime (0/6) Lair:7 Orc (0/4) D:10 Vaults (0/5) D:12 D:13 Depths (1/5) D:15

Altars:
Ashenzari
Cheibriados
Dithmenos
Elyvilon
Fedhas
Gozag
Kikubaaqudgha
Makhleb
Nemelex Xobeh
Okawaru
Qazlal
Ru
Sif Muna
Trog
Vehumet
Xom
Yredelemnul
Zin
The Shining One
Jiyva

Shops:
D:15 =   Shoals:1 *   Snake:3 *(

Portals:
Hell: Depths:1

Annotations:
Shoals:5 exclusion: Roxanne, Roxanne
Snake:3 runed door

#≈........# ..#.........
#≈≈.......# ##.......#
###+###≈.......#
####....#
##.....###......# ......
#...[...##......##
.......
#.#..†..###......###
...... #.....##
##.......## ###'###≈
##.......###
#.#8≈≈#####a.......#
{###'###≈(N.......##....
##.....##.######...###.
#.......#{# ###..#
#..N....#)# ##..#
##...÷.##)# #..#
###(###N.# #... #(N{...#
#... ######## #.


You could see a greater naga.


Message History

You see here 3 bolts.
Drink which item? (? for menu, Esc to quit)
You feel better. The greater naga spits poison at you.
The splash of poison hits you!
You are poisoned.
The greater naga misses you.
You feel sick.
You feel sick.
You feel sick. You block the greater naga's attack.
Things that are here:
a dagger of venom; a robe; a naga skeleton
Things that are here:
an arbalest; an uncursed war axe; 17 bolts You feel sick.
The greater naga gestures at you while chanting.
You easily resist.
You see here 4 bolts.
You feel sick. The greater naga spits poison at you.
You block the splash of poison.
You see here 2 bolts.
You feel sick. The greater naga spits poison at you.
The splash of poison misses you.
You feel sick. The greater naga casts a spell at you.
The poison arrow hits you!
You are more poisoned.
You die...

Action                   |  1- 3 |  4- 6 |  7- 9 | 10-12 | 13-15 | 16-18 | 19-21 || total
-------------------------+-------+-------+-------+-------+-------+-------+-------++-------
Melee: Short sword       |   139 |       |       |       |       |       |       ||   139
       Dagger            |    15 |   201 |   270 |   640 |  1495 |  1829 |   433 ||  4883
 Fire: Blowgun           |       |       |       |     1 |     4 |     9 |       ||    14
Invok: Recite            |       |       |       |     5 |     6 |     2 |       ||    13
 Abil: Evoke Invisibilit |       |       |     7 |    15 |    32 |    47 |    13 ||   114
       Turn Visible      |       |       |     3 |     4 |    15 |    30 |     5 ||    57
       Dig               |       |       |       |       |     3 |       |       ||     3
Evoke: Wand              |       |    25 |    10 |    10 |    24 |    18 |     5 ||    92
       Lamp of fire      |       |       |       |       |     1 |     2 |     2 ||     5
       Sack of spiders   |       |       |       |       |       |    12 |     1 ||    13
       Deck              |       |       |       |       |       |     4 |       ||     4
       Phantom mirror    |       |       |       |       |       |     1 |       ||     1
  Use: Scroll            |       |     8 |     7 |    21 |    13 |    17 |     3 ||    69
       Potion            |       |       |       |     4 |    10 |    11 |     5 ||    30
 Stab: Sleeping          |     6 |    10 |    22 |    50 |   138 |    59 |    26 ||   311
       Distracted        |     1 |       |       |     1 |     6 |     6 |     4 ||    18
       Betrayed ally     |       |     1 |       |       |       |       |       ||     1
       Invisible         |       |       |     9 |    21 |    81 |   132 |    29 ||   272
       Paralysed         |       |       |       |       |       |     1 |       ||     1
  Eat: Chunk             |     4 |     6 |    11 |    14 |    49 |    16 |     7 ||   107
       Beef jerky        |       |     1 |       |     1 |     1 |     1 |     1 ||     5
       Meat ration       |       |       |     1 |       |     1 |     5 |       ||     7
       Royal jelly       |       |       |       |     4 |     2 |     1 |       ||     7
       Pizza             |       |       |       |       |     1 |     1 |       ||     2
       Bread ration      |       |       |       |       |       |     5 |     4 ||     9
       Fruit             |       |       |       |       |       |     2 |     1 ||     3

Vault maps used:
D:1:      evilmike_arrival_rings
D:2:      uniq_robin
D:3:      first_bread, minmay_gold_behind_fungi,
          nicolae_dithmenos_through_a_glass_darkly, uniq_grinder
D:5:      okawaru_trees_1, serial_bayou_lake_a
D:6:      grunt_temple_overflow_opulence, uniq_prince_ribbit1
D:7:      vehumet_crystals, minmay_temple_entry_grid, basic_altar
D:8:      grunt_qazlal_clouds, kennysheep_little_box, erik_lair_dragon,
          fedhas_altar_3
D:9:      overflow_temple_1_default
D:10:     erik_orc_4, hangedman_stone_soup, minmay_rotating_lava, uniq_grum,
          uniq_erolcha
D:11:     enter_bailey_2, uniq_fannar, uniq_josephine
D:12:     wad_pebble_path, special_room
D:13:     david_vaults_3
D:14:     hangedman_decor_diamond_cutter, kennysheep_opposing_triangles
D:15:     grunt_enter_depths_snipers, serial_shops, nicolae_shop_trees,
          serial_bayou_pond_e, uniq_kirke, uniq_louise
Temple:   circular_temple_12
Lair:1:   erik_1, serial_bayou_pond_e, infiniplex_staircase_pool, uniq_erica
Lair:3:   shoals_dummy_entry, portal_ice_cave_entry_pillars_01, uniq_rupert
Lair:4:   minmay_snake_entry_guardpost_small, beast_lair_carwin_11,
          uniq_nergalle
Lair:5:   spider_nest_entry_rubble, hangedman_lair_generics_rect
Lair:6:   special_room
Lair:7:   slime_altar_1, basic_altar, serial_bayou_pond_e, serial_bayou_shore_a
Lair:8:   hangedman_lair_tendril_chambers
Shoals:1: serial_shops, shop, hangedman_feature_mirror
Shoals:2: st_cyclops
Shoals:4: uniq_asterion
Shoals:5: shoals_end_hangedman, shoal_ilsuiw, uniq_roxanne
Snake:1:  minmay_snake_pond
Snake:2:  kennysheep_six_static_rooms, spider_trap, uniq_donald
Snake:3:  serial_shops, nicolae_shop_waterfront, nicolae_shop_stone, shop,
          lightli_airlock, uniq_aizul, uniq_frances, uniq_saint_roka
Depths:1: enter_trove_1, hell_entry, hex_medium, due_unseen_surprise,
          serial_bayou_shore_b, kennysheep_random_hallway, serial_bayou_shore_b
Bailey:   bailey_polearm_5, bailey
IceCv:    ice_cave_small_giant

Notes
Turn   | Place    | Note
--------------------------------------------------------------
     0 | D:1      | RobertPalmer, the Formicid Artificer, began the quest for the Orb.
     0 | D:1      | Reached XP level 1. HP: 15/15 MP: 1/1
   247 | D:1      | Reached skill level 2 in Stealth
   320 | D:1      | Reached XP level 2. HP: 16/21 MP: 4/4
   599 | D:1      | Reached skill level 3 in Stealth
   706 | D:1      | Reached XP level 3. HP: 21/26 MP: 5/5
  1591 | D:1      | Reached skill level 4 in Stealth
  2034 | D:2      | Reached skill level 1 in Shields
  2034 | D:2      | Reached XP level 4. HP: 32/32 MP: 7/7
  2134 | D:2      | Noticed Robin
  2142 | D:2      | Reached skill level 2 in Shields
  2160 | D:2      | Killed Robin
  2583 | D:2      | Reached skill level 3 in Shields
  2667 | D:2      | Reached XP level 5. HP: 30/37 MP: 9/9
  2794 | D:3      | Noticed Grinder
  2806 | D:3      | Found a shadowy altar of Dithmenos.
  2828 | D:2      | HP: 3/37 [poisoned by an adder]
  3431 | D:3      | Reached skill level 4 in Shields
  3839 | D:4      | Noticed an ogre
  3894 | D:4      | Reached XP level 6. HP: 43/43 MP: 11/11
  3902 | D:4      | Reached skill level 5 in Shields
  4050 | D:4      | Noticed an ogre
  4556 | D:4      | Killed an ogre
  4556 | D:4      | Reached skill level 5 in Stealth
  4681 | D:4      | Killed an ogre
  4681 | D:4      | Reached skill level 6 in Stealth
  4681 | D:4      | Reached XP level 7. HP: 48/48 MP: 13/13
  4726 | D:5      | Entered Level 5 of the Dungeon
  4754 | D:5      | Reached skill level 7 in Stealth
  5153 | D:5      | Found an iron altar of Okawaru.
  5326 | D:5      | Reached skill level 8 in Stealth
  5662 | D:6      | Reached skill level 4 in Evocations
  5662 | D:6      | Reached XP level 8. HP: 54/54 MP: 13/16
  5666 | D:6      | Reached skill level 5 in Evocations
  5807 | D:6      | Noticed Prince Ribbit
  5818 | D:6      | Killed Prince Ribbit
  5818 | D:6      | Reached skill level 7 in Evocations
  5977 | D:6      | Found an opulent altar of Gozag.
  5978 | D:6      | Found a sparkling altar of Nemelex Xobeh.
  5983 | D:6      | Got a clouded bronze ring
  5988 | D:6      | Identified the ring "Sko Tegubb" {-Tele AC+4} (You found it on level 6 of the Dungeon)
  6230 | D:6      | Reached skill level 8 in Evocations
  6405 | D:6      | Reached XP level 9. HP: 59/59 MP: 22/22
  6580 | D:6      | Reached skill level 9 in Evocations
  6837 | D:3      | Killed Grinder
  7024 | D:7      | Found a shadowy altar of Dithmenos.
  7070 | D:7      | Found a staircase to the Ecumenical Temple.
  7081 | D:7      | Reached skill level 2 in Short Blades
  7119 | Temple   | Entered the Ecumenical Temple
  7149 | Temple   | Became a worshipper of Zin the Law-Giver
  7149 | Temple   | Acquired Zin's first power
  7149 | Temple   | Acquired Zin's second power
  7179 | D:7      | Found a radiant altar of Vehumet.
  7183 | D:7      | Reached skill level 3 in Short Blades
  7240 | D:7      | Reached skill level 4 in Short Blades
  7506 | D:7      | Reached skill level 5 in Short Blades
  7674 | D:7      | Reached skill level 6 in Short Blades
  7908 | D:8      | Reached XP level 10. HP: 61/65 MP: 24/24
  7919 | D:8      | Found a blossoming altar of Fedhas.
  8033 | D:8      | Found a stormy altar of Qazlal.
  8036 | D:8      | Reached skill level 7 in Short Blades
  8073 | D:8      | Found a shimmering altar of Xom.
  8249 | D:8      | Acquired Zin's third power
  8962 | D:8      | Noticed a komodo dragon
  8971 | D:8      | Killed a komodo dragon
  8971 | D:8      | Reached skill level 8 in Short Blades
  9075 | D:8      | Noticed a komodo dragon
  9076 | D:8      | Noticed a komodo dragon
  9077 | D:8      | Found a staircase to the Lair.
  9079 | D:8      | Reached skill level 9 in Short Blades
  9081 | D:8      | Noticed a komodo dragon
  9084 | D:8      | Killed a komodo dragon
  9097 | D:8      | Killed a komodo dragon
  9105 | D:8      | Killed a komodo dragon
  9110 | D:8      | Reached skill level 10 in Short Blades
  9470 | D:9      | Found a basalt altar of Yredelemnul.
  9587 | D:9      | Reached skill level 1 in Invocations
  9836 | D:9      | Reached skill level 2 in Invocations
 10472 | D:9      | Reached skill level 3 in Invocations
 10553 | D:10     | Entered Level 10 of the Dungeon
 10564 | D:10     | Reached skill level 4 in Invocations
 10599 | D:10     | Reached XP level 11. HP: 67/70 MP: 23/25
 10611 | D:10     | Reached skill level 5 in Invocations
 10690 | D:10     | Noticed Grum
 10695 | D:10     | Reached skill level 6 in Invocations
 10706 | D:10     | Killed Grum
 10706 | D:10     | Reached skill level 7 in Invocations
 11049 | D:10     | Reached skill level 8 in Invocations
 11320 | D:10     | Noticed Erolcha
 11345 | D:11     | Noticed a purple ugly thing
 11357 | D:11     | Killed a purple ugly thing
 11357 | D:11     | Reached skill level 9 in Invocations
 11367 | D:11     | HP: 5/70 [ogre/giant club (23)]
 11564 | D:11     | Noticed a cyclops
 11564 | D:11     | Found a flagged portal.
 11578 | D:11     | Killed a cyclops
 11583 | Bailey   | Entered a bailey
 11719 | Bailey   | Identified 3 potions of resistance
 11721 | Bailey   | Reached skill level 10 in Invocations
 11771 | Bailey   | Reached skill level 10 in Evocations
 12017 | Bailey   | Noticed an orc knight
 12018 | Bailey   | Noticed an orc knight
 12018 | Bailey   | Noticed an orc knight
 12027 | Bailey   | Killed an orc knight
 12028 | Bailey   | Killed an orc knight
 12031 | Bailey   | Killed an orc knight
 12031 | Bailey   | Reached skill level 11 in Evocations
 12155 | Bailey   | Noticed an orc knight
 12155 | Bailey   | Noticed an orc knight
 12160 | Bailey   | Noticed an orc knight
 12161 | Bailey   | Killed an orc knight
 12162 | Bailey   | Noticed an orc knight
 12164 | Bailey   | Killed an orc knight
 12164 | Bailey   | Reached XP level 12. HP: 76/76 MP: 25/28
 12171 | Bailey   | Killed an orc knight
 12171 | Bailey   | Reached skill level 12 in Evocations
 12174 | Bailey   | Killed an orc knight
 12213 | Bailey   | Identified a +0 mottled dragon armour (You found it on level 8 of the Dungeon)
 12370 | D:11     | Reached skill level 1 in Armour
 12378 | D:11     | Reached skill level 2 in Armour
 12383 | D:11     | Reached skill level 3 in Armour
 12398 | D:11     | Noticed Josephine
 12409 | D:11     | Killed Josephine
 12409 | D:11     | Reached skill level 4 in Armour
 12420 | D:11     | Acquired Zin's fourth power
 12430 | D:11     | HP: 7/76 [wyvern zombie[Josephine] (6)]
 12432 | D:11     | Reached skill level 5 in Armour
 12676 | D:11     | Noticed Fannar
 12720 | D:11     | Killed Fannar
 12720 | D:11     | Reached skill level 6 in Armour
 12898 | D:11     | Noticed a red ugly thing
 12909 | D:11     | Killed a red ugly thing
 12909 | D:11     | Reached skill level 7 in Armour
 13057 | D:12     | Reached skill level 8 in Armour
 13289 | D:12     | Identified a scroll of acquirement
 13290 | D:12     | Got a jewelled shield
 13301 | D:12     | Identified the +5 shield "Iphaju" {rElec rF+} (You acquired it on level 12 of the Dungeon)
 13304 | D:12     | Reached skill level 9 in Armour
 13387 | D:12     | Reached skill level 9 in Stealth
 13415 | D:12     | Reached XP level 13. HP: 71/81 MP: 29/29
 13471 | D:12     | Reached skill level 10 in Stealth
 13851 | D:12     | Reached skill level 11 in Stealth
 14009 | D:13     | Found a gate to the Vaults.
 14009 | D:13     | Noticed Norris
 14054 | D:12     | Reached skill level 12 in Stealth
 14338 | D:13     | Reached skill level 13 in Stealth
 14668 | D:13     | Reached skill level 14 in Stealth
 15156 | D:10     | Found a staircase to the Orcish Mines.
 15316 | D:10     | Killed Erolcha
 15879 | Lair:1   | Entered Level 1 of the Lair of Beasts
 16026 | Lair:1   | Noticed Erica
 16030 | Lair:1   | Killed Erica
 16030 | Lair:1   | Reached skill level 15 in Stealth
 16294 | Lair:1   | Noticed Sigmund
 16375 | Lair:1   | Noticed Psyche
 16378 | Lair:1   | Killed Sigmund
 16386 | Lair:1   | Killed Psyche
 16388 | Lair:1   | Reached XP level 14. HP: 88/88 MP: 30/30
 16817 | Lair:1   | Reached skill level 16 in Stealth
 18101 | Lair:2   | Reached skill level 17 in Stealth
 18593 | Lair:3   | Noticed Rupert
 18625 | Lair:3   | Killed Rupert
 18827 | Lair:3   | Reached skill level 18 in Stealth
 18845 | Lair:3   | Found a frozen archway.
 18854 | IceCv    | Entered an ice cave
 20760 | IceCv    | Noticed a frost giant
 20776 | IceCv    | Killed a frost giant
 20776 | IceCv    | Reached skill level 19 in Stealth
 21302 | Lair:3   | Found a staircase to the Shoals.
 21348 | Lair:3   | Got a slimy ring mail
 21704 | Lair:3   | Identified the cursed -4 ring mail "Ciaguana" {Str+3 Int+2} (You found it on level 3 of the Lair of Beasts)
 21829 | Lair:4   | Noticed Nergalle
 21902 | Lair:4   | Reached XP level 15. HP: 82/93 MP: 31/31
 21903 | Lair:4   | Found a staircase to the Snake Pit.
 22244 | Lair:4   | Killed Nergalle
 22504 | Lair:5   | Found a hole to the Spider Nest.
 22510 | Lair:5   | Reached skill level 2 in Dodging
 22659 | Lair:5   | Reached skill level 3 in Dodging
 22767 | Lair:5   | Reached skill level 4 in Dodging
 23168 | Lair:5   | Reached skill level 5 in Dodging
 23303 | Lair:6   | You fall through a shaft for 2 floors!
 23303 | Lair:8   | Entered Level 8 of the Lair of Beasts
 23779 | Lair:6   | Reached skill level 6 in Dodging
 24015 | Lair:6   | Reached skill level 7 in Dodging
 24037 | Lair:6   | Reached skill level 8 in Dodging
 24636 | Lair:7   | Found a viscous altar of Jiyva.
 24636 | Lair:7   | Found a staircase to the Slime Pits.
 24800 | Lair:7   | Reached skill level 9 in Dodging
 24834 | Lair:7   | Found a shimmering altar of Xom.
 24851 | Lair:7   | Got a dull robe
 25029 | Lair:7   | Identified the cursed -5 robe "Micwemmuask" {+Inv rCorr Dex-5} (You found it on level 7 of the Lair of Beasts)
 25515 | Lair:7   | Reached XP level 16. HP: 76/99 MP: 32/32
 25634 | Lair:8   | Reached skill level 10 in Dodging
 26228 | Lair:8   | Reached skill level 11 in Dodging
 26844 | Lair:8   | Reached skill level 6 in Shields
 27087 | Lair:8   | Reached skill level 10 in Armour
 27087 | Lair:8   | Reached skill level 7 in Shields
 28098 | D:10     | Noticed a hell knight
 28117 | D:10     | Killed a hell knight
 28117 | D:10     | Reached skill level 8 in Shields
 28119 | D:10     | Noticed a necromancer
 28130 | D:10     | Killed a necromancer
 28132 | D:10     | Noticed a hell knight
 28216 | D:10     | Noticed a hell knight
 28216 | D:10     | Noticed a hell knight
 28216 | D:10     | Noticed a hell knight
 28222 | D:10     | Killed a hell knight
 28229 | D:10     | Killed a hell knight
 28232 | D:10     | Killed a hell knight
 28511 | D:13     | Killed Norris
 28511 | D:13     | Reached skill level 11 in Armour
 28511 | D:13     | Reached skill level 9 in Shields
 28511 | D:13     | Reached XP level 17. HP: 60/104 MP: 33/33
 29780 | D:14     | Reached skill level 11 in Invocations
 29936 | D:15     | Entered Level 15 of the Dungeon
 30508 | D:15     | Reached skill level 12 in Invocations
 30521 | D:15     | Found Smet Tag's Jewellery Boutique.
 30933 | D:15     | Noticed Louise
 31040 | D:15     | Killed Louise
 31084 | D:15     | Noticed Kirke
 31114 | D:15     | Killed Kirke
 31156 | D:15     | Found a staircase to the Depths.
 31260 | D:15     | Reached skill level 13 in Invocations
 31911 | Shoals:1 | Entered Level 1 of the Shoals
 31939 | Shoals:1 | Found a burning altar of Makhleb.
 32464 | Shoals:1 | Found a snail-covered altar of Cheibriados.
 32485 | Shoals:1 | Found Deduz's General Store.
 32571 | Shoals:1 | Reached skill level 14 in Invocations
 32647 | Lair:3   | Upgraded the game from 0.16-a0-3425-gb4a0a08 to 0.16-a0-3467-gfe061fe
 33064 | Shoals:2 | Reached skill level 20 in Stealth
 34002 | Shoals:3 | Reached XP level 18. HP: 94/110 MP: 35/35
 34362 | Shoals:3 | Reached skill level 21 in Stealth
 34767 | Shoals:3 | You fall through a shaft!
 35509 | Shoals:4 | Noticed Asterion
 35566 | Shoals:4 | Killed Asterion
 35930 | Shoals:4 | HP: 11/110 [satyr/arrow (17)]
 35937 | Shoals:4 | Reached skill level 22 in Stealth
 36097 | Shoals:4 | Upgraded the game from 0.16-a0-3467-gfe061fe to 0.16-a0-3483-g6616b5b
 36100 | Shoals:5 | Entered Level 5 of the Shoals
 37473 | Shoals:5 | Noticed Roxanne
 37609 | Shoals:5 | Reached skill level 23 in Stealth
 37852 | Shoals:4 | Upgraded the game from 0.16-a0-3483-g6616b5b to 0.16-a0-3518-gebcadde
 37897 | Shoals:5 | Noticed Ilsuiw
 38249 | Shoals:5 | Killed Ilsuiw
 38651 | Shoals:5 | Reached XP level 19. HP: 95/115 MP: 35/35
 39495 | Shoals:5 | Reached skill level 2 in Fighting
 39712 | Shoals:5 | Reached skill level 3 in Fighting
 39817 | Shoals:5 | Reached skill level 4 in Fighting
 39822 | Shoals:5 | Got a barnacled rune of Zot
 40322 | Depths:1 | Entered Level 1 of the Depths
 40322 | Depths:1 | Found a gateway to Hell.
 40711 | Snake:1  | Entered Level 1 of the Snake Pit
 40931 | Snake:1  | Reached skill level 5 in Fighting
 41900 | Snake:1  | HP: 12/128 [poisoned by a naga ritualist]
 41905 | Snake:1  | HP: 10/128 [poisoned by a naga ritualist]
 41910 | Snake:1  | HP: 9/128 [poisoned by a naga ritualist]
 41916 | Snake:1  | HP: 10/128 [poisoned by a naga ritualist]
 41921 | Snake:1  | HP: 11/128 [poisoned by a naga ritualist]
 42027 | Snake:1  | Reached skill level 6 in Fighting
 42320 | Snake:2  | Reached skill level 7 in Fighting
 42531 | Snake:2  | Noticed Donald
 42552 | Snake:2  | Killed Donald
 42736 | Snake:2  | Reached skill level 8 in Fighting
 43079 | Snake:3  | Found Smiarop's General Store.
 43101 | Snake:3  | Found Jotainia's Antique Weapon Emporium.
 43137 | Snake:3  | Bought a dazzling rapier for 270 gold pieces
 43139 | Snake:3  | Identified the cursed +0 rapier of Luxury {freeze, Str+3} (You bought it in a shop on level 3 of the Snake Pit)
 43190 | Snake:3  | Noticed Frances
 43306 | Snake:3  | Killed Frances
 43306 | Snake:3  | Reached skill level 9 in Fighting
 43360 | Snake:3  | Found a runed door.
 43634 | Snake:3  | Killed from afar by a greater naga

Vanquished Creatures
  Norris (D:13)
  Asterion (Shoals:4)
  2 krakens (Shoals:5)
  Rupert (Lair:3)
  Frances (Snake:3)
  Ilsuiw (Shoals:5)
  A frost giant (IceCv)
  Donald (Snake:2)
  Louise (D:15)
  A stone giant (Shoals:2)
  A yaktaur captain (D:15)
  3 merfolk javelineers
  Josephine (D:11)
  10 merfolk impalers
  Fannar (D:11)
  A naga warrior (Snake:2)
  9 hydras
  Erica (Lair:1)
  6 anacondas
  2 alligator snapping turtles
  4 merfolk avatars
  2 centaur warriors
  4 merfolk aquamancers
  15 death yaks
  A tengu warrior (D:15)
  3 satyrs
  4 hell knights (D:10)
  3 shock serpents (Snake:3)
  4 naga sharpshooters
  Nergalle (Lair:4)
  A salamander mystic (Snake:2)
  A fire crab (Lair:8)
  3 unseen horrors
  Erolcha (D:10)
  3 naga ritualists
  13 sea snakes
  An ice statue (IceCv)
  A wolf spider zombie (D:15)
  3 hill giants
  A lindwurm (Lair:7)
  8 orc knights
  26 harpies
  9 griffons
  A wolf spider (Lair:8)
  7 water nymphs
  A necromancer (D:10)
  9 fauns
  4 salamanders
  13 elephants
  13 ugly things
  16 cyclopes
  4 centaur zombies
  2 mana vipers
  9 manticores
  21 black mambas
  6 sirens
  18 spiny frogs
  A hornet (Lair:8)
  A guardian serpent (Lair:8)
  3 naga magi
  Psyche (Lair:1)
  A gargoyle (D:13)
  3 kobold demonologists
  9 fire drakes
  13 komodo dragons
  An efreet (D:15)
  4 trolls
  A freezing wraith (D:13)
  31 merfolk
  16 polar bears
  Grinder (D:3)
  17 blink frogs
  Prince Ribbit (D:6)
  10 slime creatures
  A harpy skeleton (D:15)
  A trapdoor spider zombie (D:12)
  A hornet zombie (D:15)
  2 ravens (D:15)
  4 wind drakes
  7 basilisks
  A two-headed ogre (D:11)
  3 shadows
  A tarantella (Lair:5)
  6 wyverns
  23 humans
  2 hogs (D:15)
  9 snapping turtles
  5 deep elf magi
  4 vampire mosquitoes (D:14)
  3 wraiths
  8 water elementals
  Grum (D:10)
  3 hungry ghosts
  A deep elf fighter (D:10)
  63 yaks
  24 hippogriffs
  16 nagas
  A warg (D:10)
  21 orc warriors
  7 hell hounds
  11 porcupines
  A mottled dragon (D:8)
  49 water moccasins
  2 sky beasts (D:15)
  3 spiders (Lair:8)
  4 killer bees (D:9)
  26 wolves
  3 phantoms
  7 ogres
  2 wasps (Lair:8)
  3 black bears
  2 eyes of draining
  A boggart (D:14)
  18 ice beasts
  2 boring beetles (Lair:7)
  18 crocodiles
  A necrophage (D:10)
  Sigmund (Lair:1)
  6 big kobolds
  12 giant frogs
  22 centaurs
  A wyvern zombie (D:11)
  2 scorpions (D:12)
  3 electric eels
  23 wights
  2 quasits (D:8)
  5 crimson imps
  3 giant frog zombies
  15 orc priests
  7 centaur skeletons
  2 giant frog skeletons
  2 jellies
  14 hounds
  A gnoll shaman (D:8)
  13 worker ants
  16 iguanas
  15 orc wizards
  34 sheep
  A giant frog simulacrum (D:11)
  2 hound skeletons
  A killer bee simulacrum (D:11)
  Robin (D:2)
  3 gnolls
  57 river rats
  41 adders
  3 shadow imps
  An ooze (D:1)
  94 orcs
  A ball python (D:2)
  A bat skeleton (D:4)
  A bat zombie (D:5)
  8 giant cockroaches
  23 hobgoblins
  17 jackals
  15 bats
  10 giant geckos
  5 giant newts
  25 goblins
  32 kobolds
  14 quokkas
  19 rats
  7 ballistomycetes
  3 fungi
  3 plants
1354 creatures vanquished.

Vanquished Creatures (collateral kills)
  Kirke (D:15)
  A hydra (Lair:5)
  A satyr (Shoals:4)
  A merfolk aquamancer (Shoals:5)
  A hill giant (D:15)
  A faun (Shoals:3)
  A cyclops (D:15)
  A manticore (Shoals:4)
  A spiny frog (Lair:5)
  A human (D:15)
  2 hogs (D:15)
  A centaur (Shoals:4)
  3 killer bees (D:8)
  3 sheep
  An adder (D:8)
  A gnoll (D:8)
  An orc (D:4)
  A hobgoblin (D:8)
  A rat (D:3)
  A plant (Lair:3)
25 creatures vanquished.

Vanquished Creatures (others)
  A centaur warrior (D:15)
  A cyclops (Shoals:2)
  A drowned soul (Shoals:2)
  A fire elemental (Lair:5)
  A jumping spider (Shoals:5)
  3 yaks (Lair:3)
  2 redbacks
  A deep elf mage (D:13)
  15 trapdoor spiders
  A human (D:15)
  A hippogriff (Shoals:5)
  2 spiders
  2 centaurs
  4 killer bees
  An orc wizard (D:3)
  2 sheep (D:14)
  2 gnolls (D:3)
  2 giant spores
  A ballistomycete (D:13)
  18 fungi
  12 plants
  20 tentacles (Shoals:5)
  6 tentacle segments (Shoals:5)
100 creatures vanquished.

Grand Total: 1479 creatures vanquished
